Map: Eternal Empire LE

Players

Arctur

  • Race: Terran Terran
  • Spawn Location: 7:00

Reynor - Winner!

  • Race: Zerg Zerg
  • League: Master
  • Spawn Location: 1:00

Event: DreamHack SC2 Masters 2020 Fall

VOD

Have the link to the VOD?

Description

Time

  • Played on: Sept. 1, 2020, 1:11 p.m.
  • Length: 14:06

All games in this series

Show
View Real Time Build Order
Export as new Build Order

Arctur Terran 

Build Orders: Reaper Expand 

Get SALT Encoding   

  12  0:00  SCV  
  13  0:12  SCV  
  14  0:17  Supply Depot  
  14  0:24  SCV  
  15  0:38  SCV  
  15  0:39  Barracks  
  16  0:44  Refinery  
  16  0:50  SCV  
  17  1:03  SCV  
  18  1:15  SCV  
  19  1:27  Reaper, Orbital Command  
  20  1:39  Command Center  
  20  1:48  Supply Depot  
  20  1:53  SCV  
  21  1:59  Marine  
  22  2:05  SCV  
  22  2:08  Factory  
  23  2:14  Refinery  
  23  2:17  SCV  
  25  2:25  Barracks Reactor  
  25  2:29  SCV  
  25  2:43  SCV  
  26  2:44  Command Center  
  26  2:53  Orbital Command  
  26  2:55  SCV  
  27  2:59  Barracks  
  27  3:06  Hellion  
  27  3:09  Barracks Tech Lab  
  27  3:11  SCV  
  30  3:14  Hellion  
  32  3:21  SCV  
  32  3:24  SCV, Refinery  
  34  3:28  Stimpack  
  34  3:29  Marine  
  34  3:34  SCV  
  36  3:36  SCV  
  37  3:43  Factory Reactor  
  37  3:46  SCV, Marine  
  37  3:47  Supply Depot  
  37  3:48  SCV  
  40  3:55  Starport  
  40  3:56  Marine x2  
  40  3:59  Orbital Command  
  40  4:01  SCV  
  43  4:04  SCV  
  43  4:07  Marine  
  45  4:13  SCV  
  45  4:16  SCV  
  47  4:20  Hellion x2  
  47  4:21  Marine x2  
  53  4:24  Marine  
  53  4:25  SCV x2  
  53  4:28  SCV  
  53  4:30  Supply Depot  
  57  4:33  Medivac  
  57  4:37  SCV  
  60  4:41  Armory  
  60  4:43  Hellion x2  
  64  4:47  SCV  
  64  4:48  SCV, Marine  
  64  4:49  Orbital Command, Marine  
  68  4:53  Marine  
  68  4:57  Supply Depot  
  69  5:05  Hellion x2, Liberator  
  76  5:07  SCV  
  77  5:16  SCV, Marine  
  77  5:18  SCV, Barracks  
  77  5:19  SCV, Marine x2  
  80  5:26  Refinery  
  80  5:28  SCV, Combat Shield  
  81  5:30  SCV  
  81  5:31  SCV  
  81  5:32  Supply Depot, Refinery  
  83  5:40  SCV  
  83  5:41  Engineering Bay  
  83  5:42  SCV, Engineering Bay  
  85  5:50  Marine x2  
  85  5:53  Marine  
  78  5:58  Supply Depot  
  78  5:59  SCV  
  78  6:00  SCV  
  78  6:03  Starport Reactor, Widow Mine x2  
  84  6:04  SCV  
  84  6:08  Marine x2  
  84  6:10  Terran Infantry Weapons Level 1, Terran Infantry Armor Level 1  
  84  6:11  SCV, Marine  
  88  6:12  SCV  
  88  6:15  Barracks Reactor  
  88  6:16  SCV  
  91  6:23  SCV  
  90  6:32  Marine x3  
  87  6:35  SCV  
  87  6:36  Barracks  
  87  6:37  SCV x2, Factory, Barracks  
  90  6:44  Missile Turret  
  90  6:46  Missile Turret  
  87  6:47  SCV  
  87  6:49  Missile Turret, Marine  
  87  6:50  Supply Depot  
  87  6:51  SCV  
  87  6:52  SCV  
  91  6:58  Widow Mine x2  
  91  7:00  SCV  
  96  7:03  SCV, Missile Turret  
  96  7:04  SCV, Medivac  
  100  7:11  Medivac  
  100  7:12  SCV, Refinery  
  100  7:13  Concussive Shells, Supply Depot  
  102  7:17  Marine x4  
  102  7:18  Marine  
  102  7:23  Widow Mine x2  
  102  7:25  SCV  
  107  7:31  Factory Tech Lab  
  107  7:34  Marine  
  107  7:35  SCV  
  107  7:36  Supply Depot  
  109  7:38  Supply Depot  
  109  7:42  Barracks Reactor x2, Marine x3  
  109  7:43  Marauder  
  109  7:44  Supply Depot  
  114  7:45  Supply Depot  
  112  7:52  Marine  
  112  7:56  Thor  
  112  7:57  Drilling Claws, Widow Mine x2  
  115  7:59  Marine x2  
  115  8:00  Marine  
  115  8:03  Bunker  
  115  8:04  Marauder  
  120  8:10  Marine  
  121  8:17  Command Center, Marine x2  
  121  8:18  Marine  
  124  8:24  Supply Depot  
  124  8:26  Marauder  
  130  8:27  Widow Mine x2, Marine x4  
  130  8:28  Marine  
  130  8:32  Terran Vehicle And Ship Armor Level 1  
  130  8:33  Barracks x2  
  135  8:35  Terran Infantry Armor Level 2, Marine x2, Barracks  
  135  8:37  Terran Infantry Weapons Level 2  
  136  8:41  Medivac x2  
  140  8:49  Marauder, Marine x4  
  140  8:50  Supply Depot  
  140  8:53  Sensor Tower  
  146  8:56  Marine x4  
  150  9:11  Marauder, Marine x4  
  150  9:12  Medivac x2  
  160  9:17  Supply Depot x2  
  160  9:19  Marine x3  
  161  9:32  SCV x2  
  161  9:33  Marauder  
  161  9:35  Widow Mine x2  
  161  9:37  SCV  
  162  9:39  Marine x4  
  162  9:44  Marine  
  165  9:48  Marine  
  165  9:49  Marine  
  163  9:56  Marauder, Widow Mine  
  163  9:58  Marine x2  
  163  9:59  Barracks Tech Lab  
  169  10:00  Barracks Tech Lab  
  169  10:02  Marine x2  
  169  10:04  Barracks Tech Lab  
  169  10:05  Widow Mine  
  160  10:08  Widow Mine  
  150  10:16  Thor  
  150  10:17  Marauder  
  150  10:19  Marauder, Marine x4  
  160  10:24  Medivac x2  
  160  10:26  Widow Mine  
  160  10:27  SCV  
  162  10:29  Marauder  
  164  10:36  Marine x2  
  164  10:38  Supply Depot  
  164  10:40  Missile Turret  
  166  10:45  Planetary Fortress  
  166  10:56  Medivac, Command Center, Widow Mine x2  
  172  11:00  Marauder, Marine x3  
  177  11:09  Marine  
  177  11:10  Marauder  
  180  11:13  Marine  
  180  11:16  Marine x2  
  180  11:17  Marauder, Marine x2  
  180  11:18  Marine x3  
  167  11:22  Marauder  
  165  11:27  Marine  
  165  11:29  SCV  
  165  11:31  Marauder, Marine  
  161  11:34  Marine x2  
  161  11:35  Marauder, Marine x2  
  161  11:39  Marine x2  
  127  11:40  Marauder  
  127  11:42  Widow Mine x2  
  127  11:43  Marine  
  127  11:45  Marine  
  127  11:46  SCV  
  133  11:49  Marine  
  133  11:50  Engineering Bay  
  133  11:51  Engineering Bay  
  133  11:52  Marine x2  
  133  11:53  Widow Mine  
  133  11:54  Marauder  
  138  12:03  Widow Mine  
  138  12:05  Marauder  
  138  12:06  Marine x2  
  138  12:07  Marauder, Marine x2  
  130  12:08  Widow Mine  
  130  12:10  Marine  
  130  12:11  Marauder  
  130  12:14  SCV  
  126  12:16  SCV  
  126  12:17  SCV  
  128  12:26  SCV  
  129  12:33  Thor  
  129  12:34  Widow Mine  
  137  12:39  Widow Mine  
  137  12:40  Marauder  
  138  12:48  Marauder, Marine x2  
  139  12:52  Marauder  
  139  12:56  Marine x2  
  139  12:58  Marine  
  144  13:01  Marine  
  141  13:20  Marine x2  
  141  13:24  Marine x3  
  141  13:25  Marine  
  141  13:26  Marauder  
  141  13:27  Widow Mine  
  141  13:28  Marauder  
  141  13:33  Marauder, Marine  
  128  13:34  Marauder  
  124  13:44  Marine  
  124  13:46  Marine  
Show
View Real Time Build Order
Export as new Build Order

Reynor Zerg - Winner!

Build Orders: Hatch First, Muta Ling Bane 

Get SALT Encoding   

  12  0:00  Drone  
  13  0:12  Overlord  
  13  0:17  Drone  
  14  0:30  Drone  
  14  0:31  Drone  
  16  0:49  Hatchery  
  15  0:52  Drone  
  15  0:55  Drone  
  17  0:59  Drone  
  18  1:12  Extractor  
  18  1:16  Spawning Pool  
  17  1:18  Drone  
  17  1:23  Drone  
  18  1:28  Drone  
  19  1:39  Drone  
  20  1:49  Overlord  
  20  2:02  Queen  
  20  2:03  Zergling x4, Queen  
  26  2:11  Drone x2  
  26  2:15  Metabolic Boost  
  28  2:23  Drone x2  
  30  2:33  Drone x2  
  32  2:39  Queen  
  32  2:43  Queen  
  35  2:47  Overlord  
  35  2:50  Drone  
  36  3:05  Drone x3  
  39  3:06  Overlord  
  39  3:12  Drone x3  
  42  3:14  Drone x2  
  44  3:21  Overlord  
  44  3:24  Drone  
  44  3:25  Drone  
  46  3:34  Hatchery  
  46  3:39  Lair  
  45  3:43  Drone  
  45  3:44  Extractor  
  45  3:50  Baneling Nest  
  45  3:51  Drone x3  
  45  3:52  Drone  
  45  3:54  Drone  
  49  3:56  Drone  
  49  3:57  Drone  
  49  3:59  Zergling x2  
  49  4:02  Zergling x4  
  54  4:04  Drone  
  54  4:07  Extractor  
  54  4:08  Extractor  
  53  4:12  Drone x2  
  53  4:14  Overlord  
  55  4:24  Drone x3  
  58  4:25  Queen  
  59  4:33  Overlord  
  59  4:39  Drone x3, Spire  
  59  4:40  Drone  
  62  4:46  Drone x2  
  62  4:51  Drone x4  
  62  4:52  Drone  
  69  4:54  Zergling x2  
  69  4:59  Centrifical Hooks  
  70  5:03  Zergling x4  
  70  5:05  Drone  
  73  5:09  Overlord  
  73  5:18  Drone x2  
  73  5:20  Zergling x6  
  77  5:25  Overlord  
  77  5:26  Zergling x6  
  80  5:28  Zergling x2  
  80  5:30  Baneling x8  
  80  5:31  Zergling x2  
  80  5:32  Queen  
  83  5:37  Baneling x2  
  83  5:38  Zergling x10  
  83  5:41  Zergling x2  
  89  5:43  Overlord  
  89  5:49  Overlord  
  85  5:58  Baneling x4  
  85  6:00  Drone x5  
  85  6:02  Extractor  
  85  6:03  Extractor  
  88  6:04  Zergling x6  
  89  6:12  Mutalisk x6  
  101  6:18  Baneling x2  
  101  6:19  Drone x2  
  100  6:30  Mutalisk  
  99  6:33  Zergling x4  
  99  6:34  Zergling x4, Queen  
  105  6:41  Drone  
  105  6:42  Overlord  
  105  6:46  Hatchery, Drone  
  104  6:48  Evolution Chamber, Drone  
  104  6:49  Evolution Chamber, Drone  
  104  6:51  Drone  
  105  6:54  Zerg Flyer Weapons Level 1  
  104  7:01  Drone x3  
  104  7:02  Drone x3  
  104  7:04  Mutalisk  
  104  7:07  Mutalisk  
  113  7:15  Overlord  
  113  7:18  Overlord  
  113  7:23  Overlord  
  113  7:27  Zerg Melee Weapons Level 1, Zerg Ground Armor Level 1  
  113  7:34  Overlord  
  113  7:36  Mutalisk  
  113  7:37  Mutalisk x3  
  111  7:38  Mutalisk  
  111  7:41  Drone  
  111  7:42  Drone x4  
  126  7:46  Pneumatized Carapace  
  126  7:49  Zergling x8  
  129  7:53  Unknown, Drone x4  
  129  7:56  Mutalisk  
  134  7:59  Mutalisk  
  134  8:02  Zergling x2  
  137  8:06  Drone  
  137  8:07  Drone x4  
  137  8:12  Overseer  
  142  8:13  Mutalisk x2  
  142  8:16  Baneling x2  
  142  8:18  Zergling x6  
  142  8:19  Hatchery  
  148  8:20  Overlord  
  148  8:24  Drone x3  
  148  8:26  Baneling x7  
  151  8:28  Zergling x2  
  151  8:30  Overlord  
  152  8:39  Mutalisk x3  
  158  8:43  Drone x2  
  158  8:45  Overlord  
  160  8:49  Zerg Flyer Weapons Level 2, Drone x8  
  168  8:57  Overlord  
  168  9:02  Baneling x6  
  168  9:07  Drone x6  
  174  9:12  Baneling x6  
  174  9:13  Overlord x3  
  174  9:15  Overseer  
  174  9:17  Zergling x20  
  176  9:19  Baneling x4  
  176  9:24  Zerg Ground Armor Level 2  
  184  9:30  Overlord  
  182  9:36  Zergling x26  
  182  9:37  Baneling x3  
  185  9:48  Zergling x16  
  185  9:51  Zergling x2  
  185  9:52  Zergling x2  
  191  9:57  Mutalisk x5  
  199  10:00  Zergling x2  
  199  10:05  Baneling  
  199  10:06  Baneling x11  
  190  10:10  Zergling x4  
  179  10:15  Zergling x14  
  179  10:20  Zergling x2  
  179  10:21  Zerg Melee Weapons Level 2  
  176  10:26  Zergling x12  
  176  10:27  Zergling x2  
  183  10:30  Zergling x2  
  183  10:31  Zergling x16  
  183  10:35  Baneling x15  
  192  10:36  Zergling x6  
  192  10:40  Queen  
  192  10:41  Spine Crawler, Spore Crawler  
  195  10:45  Baneling x7  
  195  10:46  Baneling x7  
  195  10:49  Hatchery, Zergling x10  
  199  10:55  Infestation Pit, Baneling  
  199  10:56  Baneling x10  
  198  10:58  Extractor  
  197  11:11  Drone x7  
  193  11:13  Zergling x20  
  193  11:15  Zergling x4  
  198  11:18  Zergling x4  
  198  11:25  Zergling x2  
  199  11:27  Mutalisk x2  
  184  11:35  Mutalisk  
  184  11:36  Mutalisk x4  
  184  11:38  Zergling x16  
  182  11:42  Zergling x4  
  182  11:44  Hive  
  184  11:47  Drone x2  
  184  11:48  Zergling x2  
  184  11:51  Drone x2  
  184  11:53  Zergling x6  
  192  12:01  Zergling x12  
  193  12:06  Zergling x4  
  167  12:09  Hatchery, Zergling x2  
  167  12:13  Zergling x2  
  167  12:14  Zergling x12  
  171  12:19  Zergling x6  
  174  12:24  Zergling x2  
  174  12:25  Zergling x10, Baneling x7  
  174  12:26  Zergling x2, Baneling x18  
  174  12:28  Zergling x2  
  182  12:33  Overseer, Baneling Nest  
  182  12:34  Overseer  
  182  12:35  Zergling x2, Baneling x14  
  182  12:36  Hatchery, Zergling x6  
  184  12:38  Zergling x2  
  184  12:40  Zergling x2  
  187  12:44  Zergling x2  
  187  12:49  Zergling x6  
  187  12:50  Zergling x14  
  197  12:55  Zergling x6  
  195  13:11  Zergling x18  
  195  13:12  Zergling x2  
  195  13:13  Baneling x20  
  191  13:23  Zergling x2  
  191  13:24  Zergling x22  
  198  13:32  Zergling x2  
  198  13:33  Zergling x4  
  186  13:34  Zergling x2  
  186  13:37  Zergling x6  
  187  13:43  Zergling x8  

Tags
 
Add a new tag
Caveats
  • Supply blocks, unpowered buildings, or Contaminate may cause inaccurate times.
  • Supply counts are checked every 10 seconds.